 Dungeon Crawl Stone Soup version 0.29-a0-555-g3b24f45cc1 (webtiles) character file.

Game seed: 7975138334968379005

355 dolemite99 the Cruncher (level 6, -9/40 HPs)
             Began as a Minotaur Gladiator on June 7, 2022.
             Mangled by a gnoll sergeant
             ... wielding a +0 trident
              (11 damage)
             ... on level 4 of the Dungeon.
             The game lasted 00:04:55 (4867 turns).

dolemite99 the Cruncher (Minotaur Gladiator)        Turns: 4867, Time: 00:04:56

Health: -9/40      AC:  6    Str: 19    XL:     6   Next: 36%
Magic:  5/5        EV: 10    Int:  5    God:
Gold:   175        SH:  0    Dex: 11    Spells: 5/5 levels left

rFire   . . .      SeeInvis .   a - +1 quarterstaff
rCold   . . .      Faith    .   (shield currently unavailable)
rNeg    . . .      Spirit   .   o - +0 scale mail
rPois   .          Reflect  .   c - +0 hat
rElec   .          Harm     .   (no cloak)
rCorr   .          Rampage  .   (no gloves)
Will    .....                   (no boots)
Stlth   ..........              (no amulet)
HPRegen 0.13/turn               (no ring)
MPRegen 0.09/turn               (no ring)

@: confused, ambrosia-drunk
A: horns 2, retaliatory headbutt, fangs 1, frail 2, weak 1
a: no special abilities


You were on level 4 of the Dungeon.
You visited 1 branch of the dungeon, and saw 4 of its levels.

You collected 175 gold pieces.

Inventory:

Hand Weapons
 a - a +1 quarterstaff (weapon)
 b - a +0 hunting sling
Missiles
 d - a throwing net (quivered)
 e - a javelin
 r - 4 poisoned darts
Armour
 c - a +0 hat (worn)
 f - a +0 leather armour
 o - a +0 scale mail (worn)
 w - a +0 pair of gloves
Jewellery
 l - a ring of poison resistance
Scrolls
 i - 2 scrolls of immolation
 m - a scroll of identify {unknown}
 q - a scroll of fear {unknown}
 s - a scroll of summoning {unknown}
 u - 2 scrolls of vulnerability {unknown}
Potions
 g - a potion of mutation
 j - a potion of ambrosia
 k - 2 potions of haste {unknown}
 n - 2 potions of heal wounds {unknown}
 p - a potion of cancellation {unknown}
 t - 2 potions of magic {unknown}
 v - a potion of brilliance {unknown}


   Skills:
 - Level 2.4 Fighting
 + Level 8.7 Staves
 - Level 2.0 Throwing
 - Level 3.2 Dodging


You had 5 spell levels left.
You didn't know any spells.
Your spell library contained the following spells:

 Spells                   Type           Power      Damage    Failure   Level
 Static Discharge         Conj/Air       0%         N/A       95%         2
 Dispel Undead            Necr           0%         3d6       100%        4
 Sticky Flame             Conj/Fire      0%         2d3       100%        4


Dungeon Overview and Level Annotations

Branches:
Dungeon (4/15)
 Temple: D:4-7

Altars:
Dithmenos

Annotations:
D:4 2 transporters, iguanaiguana's ghost, amateur MiHu


Innate Abilities, Weirdness & Mutations

You have a pair of horns on your head.
You reflexively headbutt those who attack you in melee.
You have very sharp teeth.
You are very frail. (-20% HP)
You are weak. (Str -2)


Message History

The hound completely misses you.
The gnoll sergeant hits you with a +0 trident.
You hit the gnoll sergeant but do no damage.
Your headbutt misses the gnoll sergeant.
The gnoll sergeant is heavily wounded.
The hound bites you. The hound completely misses you.
The gnoll sergeant misses you.
You sock the gnoll sergeant!
The gnoll sergeant is almost dead.
The hound bites you.
* * * LOW HITPOINT WARNING * * *
You barely miss the gnoll sergeant. You headbutt the gnoll sergeant.
The gnoll sergeant is almost dead.
The gnoll sergeant closely misses you. The hound barely misses you.
The hound attacks as you move away! The hound bites you but does no damage.
The gnoll sergeant barely misses you.
Okay, then.
The hound bites you.
* * * LOW HITPOINT WARNING * * *
You see here a +0 whip.
The hound attacks as you move away! The hound barely misses you. x2
The hound barely misses you. You furiously retaliate!
You headbutt the hound. You closely miss the hound.
Your headbutt misses the hound.
The hound is lightly wounded.
The hound barely misses you.
The gnoll sergeant hits you from afar with a +0 trident.
* * * LOW HITPOINT WARNING * * *
It was a potion of ambrosia.
You are confused.
You feel invigorated. The hound closely misses you.
The gnoll sergeant hits you from afar with a +0 trident!
* * * LOW HITPOINT WARNING * * *
The hound bites you.
* * * LOW HITPOINT WARNING * * *
It was a potion of mutation.
You feel extremely strange.
You feel frail. x2; You feel weaker.
Your teeth lengthen and sharpen.
The hound bites you.
* * * LOW HITPOINT WARNING * * *
The gnoll sergeant hits you from afar with a +0 trident!
You die...

#)## #. ##.# #.# #..#
###.# ##.## ...#
#######..# #..# #.......##
#..# ###.#.#####
##..######...#...#
#....).gh@.#####.#
..###...######...#...#
..........# ###.#.###
###.....#.# #...#######
........#.# ##........#
###...#.#.##########...#.#
##.##.#...)<..รท......#.#
#. #.############...#.# #.
#.# ....##.##.#


You could see a gnoll sergeant and a hound.

Vanquished Creatures
  An ogre (D:4)
  A hound (D:4)
  An iguana (D:4)
  6 gnolls
  5 adders
  3 worms (D:4)
  4 dart slugs
  5 orcs (D:3)
  6 bats
  7 endoplasms
  9 giant cockroaches
  5 goblins
  7 hobgoblins
  4 jackals (D:2)
  A quokka (D:1)
  4 ball pythons
  8 frilled lizards
  9 kobolds
  8 rats
94 creatures vanquished.

Vanquished Creatures (others)
  A fungus (D:2)
1 creature vanquished.

Grand Total: 95 creatures vanquished

Notes
Turn   | Place    | Note
-------+----------+-------------------------------------------
     0 | D:1      | dolemite99 the Minotaur Gladiator began the quest for the
                  | Orb.
     0 | D:1      | Reached XP level 1. HP: 18/18 MP: 0/0
    37 | D:1      | Reached skill level 4 in Staves
   167 | D:1      | Reached XP level 2. HP: 25/25 MP: 1/1
   383 | D:1      | Reached skill level 5 in Staves
   546 | D:1      | Reached XP level 3. HP: 30/30 MP: 2/2
  1407 | D:2      | You fall into a shaft and drop 2 floors!
  1471 | D:3      | Reached XP level 4. HP: 5/37 MP: 3/3
  1475 | D:3      | Reached skill level 6 in Staves
  2870 | D:2      | Found a shadowy altar of Dithmenos.
  3407 | D:2      | Found a faded altar of an unknown god.
  3847 | D:4      | Reached skill level 7 in Staves
  3847 | D:4      | Reached XP level 5. HP: 28/42 MP: 4/4
  4030 | D:4      | Noticed an ogre
  4041 | D:4      | Killed an ogre
  4042 | D:4      | Reached skill level 8 in Staves
  4042 | D:4      | Reached XP level 6. HP: 50/50 MP: 5/5
  4063 | D:4      | Noticed iguanaiguana's ghost (amateur MiHu)
  4064 | D:4      | Found a transporter.
  4069 | D:4      | Found a transporter.
  4866 | D:4      | HP: 1/50 [hound (2)]
  4867 | D:4      | Gained mutation: You are frail. (-10% HP) [potion of
                  | mutation]
  4867 | D:4      | Gained mutation: You are very frail. (-20% HP) [potion of
                  | mutation]
  4867 | D:4      | Gained mutation: You are weak. (Str -2) [potion of
                  | mutation]
  4867 | D:4      | Gained mutation: You have very sharp teeth. [potion of
                  | mutation]
  4867 | D:4      | Mangled by a gnoll sergeant

Illustrated notes

Levels and vault maps discovered:
D:1:      wheals_arrival_linesprint, layout_loops_cross, minmay_distorted
D:2:      layout_loops_cross, basic_altar, shapermc_ecumenical_altar_petra,
          minmay_3d_cube
D:3:      layout_basic, wad_floor_pattern_2
D:4:      layout_loops_ring, cheibrodos_sewer_entry_bend, gammafunk_ghost_arena,
          minmay_misc_feat_tower

Skill      XL: |  1  2  3  4  5 |
---------------+----------------+-----
Staves         | 4 5 7 8 |  8.7
Fighting       | |  2.4
Throwing       | |  2.0
Dodging        | |  3.2

Action                   |  1- 3 |  4- 6 || total
-------------------------+-------+-------++-------
Melee: Quarterstaff      |    45 |   136 ||   181
       Headbutt          |     5 |    23 ||    28
 Fire: Hunting sling     |    40 |       ||    40
Throw: Throwing net      |       |     2 ||     2
  Use: Scroll            |     2 |     2 ||     4
       Potion            |       |     6 ||     6
 Stab: Held in net/web   |       |     1 ||     1
Armor: Leather armour    |    19 |       ||    19
       Scale mail        |       |    42 ||    42
Dodge: Dodged            |    48 |    77 ||   125

Table legend: (Time is in decaauts)
 A = Elapsed time spent in this place.
 B = Non-inter-level travel time spent in this place.
 C = Inter-level travel time spent in this place.
 D = Time resting spent in this place.
 E = Time spent auto-exploring this place.
 F = Levels seen in this place.
 G = Mean time per level.
                   A        B        C        D        E       F      G
               +--------+--------+--------+--------+--------+-----+--------+
         Total |   4883 |   4729 |    154 |   1486 |   2414 |   4 | 1220.8 |
       Dungeon |   4883 |   4729 |    154 |   1486 |   2414 |   4 | 1220.8 |
               +--------+--------+--------+--------+--------+-----+--------+

Top non-repeatable levels by time:
     D:3: 1691 daAuts
     D:1: 1202 daAuts
     D:2: 1081 daAuts
     D:4: 909 daAuts
